 Dungeon Crawl Stone Soup version 0.21.1-1-g345015f (webtiles) character file.

1344 tidbits the Grave Robber (level 8, -3/58 HPs)
             Began as a Gnoll Necromancer on June 29, 2018.
             Was a Follower of Cheibriados.
             Slain by sefi's ghost (5 damage)
             ... on level 9 of the Dungeon.
             The game lasted 00:16:05 (1208 turns).

tidbits the Grave Robber (Gnoll Necromancer)        Turns: 1208, Time: 00:16:06

Health: -3/58      AC:  3    Str: 14    XL:     8   Next: 62%
Magic:  8/17       EV: 17    Int: 30    God:    Cheibriados [*.....]
Gold:   55         SH:  7    Dex: 26    Spells: 6/19 levels left

rFire    . . .     SeeInvis +   y - +2 flail (holy)
rCold    . . .     Gourm    +   D - +1 buckler "Hyphiph" {Dex+7}
rNeg     . . .     Faith    .   e - +0 robe
rPois    .         Spirit   .   (no helmet)
rElec    .         Reflect  .   (no cloak)
rCorr    .         Harm     .   G - +0 pair of gloves
MR       .....                  (no boots)
Stlth    ++++......             n - amulet of the gourmand
HPRegen  0.19/turn              o - ring "Xuej" {Int+8 SInv}
MPRegen  0.15/turn              (no ring)

@: very slow
A: distributed training, fangs 1, strong nose
a: Bend Time, Renounce Religion


You were on level 9 of the Dungeon.
You worshipped Cheibriados.
Cheibriados was aware of your devotion.
You were not hungry.

You visited 2 branches of the dungeon, and saw 10 of its levels.

You collected 55 gold pieces.

Inventory:

Hand Weapons
 a - a +2 short sword of flaming
   (You took it off a kobold on level 1 of the Dungeon)
 f - a +1 vampiric dagger
   (You took it off a goblin on level 1 of the Dungeon)
 j - a +0 whip
 p - a +0 trident
 r - a cursed -3 hand axe
 t - a +2 shortbow of freezing
   (You took it off a centaur on level 7 of the Dungeon)
 y - a +2 flail of holy wrath (weapon)
   (You took it off an orc warrior on level 9 of the Dungeon)
Missiles
 u - 15 arrows
Armour
 e - a +0 robe (worn)
 D - the +1 buckler "Hyphiph" (worn) {Dex+7}
   (You found it on level 5 of the Dungeon)

   It affects your dexterity (+7).
 G - a +0 pair of gloves (worn)
Jewellery
 n - an amulet of the gourmand (around neck)
   (You took it off an orc on level 9 of the Dungeon)
 o - the ring "Xuej" (left hand) {Int+8 SInv}
   (You found it on level 6 of the Dungeon)

   [ring of see invisible]

   It affects your intelligence (+8).
   It lets you see invisible.
Wands
 s - a wand of clouds (3)
 z - a wand of polymorph (14)
Scrolls
 d - a scroll of enchant armour
 g - 5 scrolls of fear
 h - a scroll of enchant weapon
 m - a scroll of remove curse
 q - a scroll of amnesia
Potions
 l - 2 potions of heal wounds
 v - a potion of agility {unknown}
 w - a potion of brilliance
Books
 b - a book of Necromancy

   Spells                             Type                      Level
   a - Pain                           Necromancy                   1
   b - Animate Skeleton               Necromancy                   1
   c - Vampiric Draining              Necromancy                   3
   d - Regeneration                   Charms/Necromancy            3
   e - Animate Dead                   Necromancy                   4
   f - Borgnjor's Vile Clutch         Necromancy/Earth             5
Comestibles
 c - 5 rations
 x - 2 chunks of flesh


   Skills:
 + Level 3.3 Fighting
 + Level 3.3 Short Blades
 + Level 3.3 Long Blades
 + Level 3.3 Axes
 + Level 3.3 Maces & Flails
 + Level 3.3 Polearms
 + Level 3.3 Staves
 + Level 3.3 Slings
 + Level 3.3 Bows
 + Level 3.3 Crossbows
 + Level 3.3 Throwing
 + Level 3.3 Armour
 + Level 5.7 Dodging
 + Level 5.4 Stealth
 + Level 3.3 Shields
 + Level 3.3 Unarmed Combat
 + Level 6.1 Spellcasting
 + Level 2.7 Conjurations
 + Level 2.7 Hexes
 + Level 2.7 Charms
 + Level 2.7 Summonings
 + Level 7.7 Necromancy
 + Level 2.7 Translocations
 + Level 2.7 Transmutations
 + Level 2.7 Fire Magic
 + Level 2.7 Ice Magic
 + Level 2.7 Air Magic
 + Level 2.7 Earth Magic
 + Level 2.7 Poison Magic
 + Level 3.7 Invocations
 + Level 3.3 Evocations


You had 6 spell levels left.
You knew the following spells:

 Your Spells              Type           Power        Failure   Level  Hunger
a - Pain                  Necr           ####         1%          1    None
d - Vampiric Draining     Necr           ######....   1%          3    None
n - Animate Skeleton      Necr           N/A          1%          1    None
r - Regeneration          Chrm/Necr      #####.....   1%          3    None
v - Borgnjor's Vile Clut  Necr/Erth      #####.....   19%         5    #####..


Dungeon Overview and Level Annotations

Branches:
Dungeon (9/15)             Temple (1/1) D:6
   Lair: D:8-11         Orc: D:9-12

Altars:
Cheibriados
Dithmenos
Hepliaklqana
Nemelex Xobeh
Okawaru
Qazlal
Ru
Trog
Vehumet
Xom
Yredelemnul
Zin
The Shining One

Annotations:
D:9 sefi's ghost, journeyman GrIE


Innate Abilities, Weirdness & Mutations

Your experience applies equally to all skills.
You have very sharp teeth.
Your uncanny sense of smell can sniff out nearby items.


Message History

Your hippogriff skeleton claws sefi's ghost but does no damage.
You hit sefi's ghost but do no damage.
Sefi's ghost is severely damaged.
Sefi's ghost whispers, "They're coming for you..."
Sefi's ghost casts a spell at you. The magic dart hits you!
You hit sefi's ghost.
Sefi's ghost is severely damaged.
You block sefi's ghost's attack.
Your hippogriff skeleton bites sefi's ghost but does no damage.
Your hippogriff skeleton pecks sefi's ghost but does no damage.
Your hippogriff skeleton misses sefi's ghost.
You barely miss sefi's ghost.
Sefi's ghost is severely damaged.
Sefi's ghost hits you but does no damage.
Your hippogriff skeleton closely misses sefi's ghost.
Your hippogriff skeleton pecks sefi's ghost but does no damage.
Your hippogriff skeleton closely misses sefi's ghost.
You smack sefi's ghost!
Sefi's ghost is severely damaged.
Your skin is crawling a little less now.
Sefi's ghost hits you. Sefi's ghost freezes you.
Your hippogriff skeleton bites sefi's ghost but does no damage.
Your hippogriff skeleton pecks sefi's ghost.
Your hippogriff skeleton misses sefi's ghost.
You catch the helpless sefi's ghost completely off-guard!
You hit sefi's ghost.
Sefi's ghost is almost destroyed.
Sefi's ghost gestures at you while chanting.
The magic dart hits you!
You hit sefi's ghost.
Sefi's ghost is almost destroyed.
Your hippogriff skeleton completely misses sefi's ghost.
Your hippogriff skeleton pecks sefi's ghost but does no damage.
Your hippogriff skeleton claws sefi's ghost but does no damage.
Sefi's ghost casts a spell at your hippogriff skeleton.
The magic dart hits your hippogriff skeleton.
You miss sefi's ghost.
Sefi's ghost is almost destroyed.
Your hippogriff skeleton barely misses sefi's ghost. x2
Your hippogriff skeleton completely misses sefi's ghost.
Sefi's ghost points at you and mumbles some strange words.
The magic dart hits you!
You closely miss sefi's ghost.
Sefi's ghost is almost destroyed.
You feel less wooden.
Your +0 pair of gloves unmelds from your body.
Your +0 robe unmelds from your body.
Sefi's ghost points at you and mumbles some strange words.
The magic dart hits you!
Your hippogriff skeleton completely misses sefi's ghost. x2
Your hippogriff skeleton barely misses sefi's ghost.
Wield which item (- for none, * to show all)? (? for menu, Esc to quit)
Your +2 flail of holy wrath softly glows with a divine radiance!
y - a +2 flail of holy wrath (weapon)
You completely miss sefi's ghost.
Sefi's ghost is almost destroyed.
Sefi's ghost hits you.
* * * LOW HITPOINT WARNING * * *
Sefi's ghost freezes you.
* * * LOW HITPOINT WARNING * * *
Your hippogriff skeleton bites sefi's ghost.
Your hippogriff skeleton pecks sefi's ghost but does no damage.
Your hippogriff skeleton misses sefi's ghost.
Sefi's ghost hits your hippogriff skeleton.
You barely miss sefi's ghost.
Sefi's ghost is almost destroyed.
Your skin stops crawling.
Your hippogriff skeleton bites sefi's ghost but does no damage.
Your hippogriff skeleton misses sefi's ghost.
Your hippogriff skeleton claws sefi's ghost but does no damage.
Sefi's ghost hits your hippogriff skeleton!
You barely miss sefi's ghost.
Sefi's ghost is almost destroyed.
Sefi's ghost barely misses you.
Your hippogriff skeleton closely misses sefi's ghost. x2
Your hippogriff skeleton barely misses sefi's ghost.
You miss sefi's ghost.
You bite sefi's ghost, but do no damage.
Sefi's ghost is almost destroyed.
Sefi's ghost gestures at you while chanting.
The magic dart hits you!
* * * LOW HITPOINT WARNING * * *
Your hippogriff skeleton bites sefi's ghost but does no damage.
Your hippogriff skeleton closely misses sefi's ghost.
Your hippogriff skeleton claws sefi's ghost but does no damage.
You hit sefi's ghost but do no damage.
You bite sefi's ghost, but do no damage.
Sefi's ghost is almost destroyed.
Sefi's ghost hits you.
* * * LOW HITPOINT WARNING * * *
Sefi's ghost freezes you.
* * * LOW HITPOINT WARNING * * *
Your hippogriff skeleton closely misses sefi's ghost.
Your hippogriff skeleton barely misses sefi's ghost.
Your hippogriff skeleton claws sefi's ghost but does no damage.
Sefi's ghost hits you!
* * * LOW HITPOINT WARNING * * *
Sefi's ghost freezes you.
You die...

#[≈≈Y≈# #.≈≈≈≈#
#.≈≈≈≈# #.≈≈≈≈#
## .≈≈≈≈# #.
≈≈≈≈#
####.####≈≈≈#####
........W@.......
###...Z#########
###.## #.# ###.#
#...# ####.#####
#....#...#
#.#..#.#.#


You could see an ice beast (wandering), sefi's ghost and a friendly hippogriff
skeleton.

Vanquished Creatures
  A hippogriff (D:9)
  An orc warrior (D:9)
  An ice beast (D:7)
  2 ogres (D:7)
  A centaur (D:7)
  2 bullfrogs
  4 howler monkeys
  3 crimson imps
  2 hounds
  2 bullfrog skeletons
  A centaur skeleton (D:7)
  An orc wizard (D:9)
  3 worker ants
  An adder (D:6)
  A gnoll (D:6)
  A shadow imp (D:7)
  2 oozes
  A worm (D:4)
  2 leopard geckos
  3 orcs (D:9)
  2 bats
  3 goblins
  3 hobgoblins
  3 jackals (D:6)
  3 kobolds (D:1)
  2 frilled lizards
  A leopard gecko skeleton (D:4)
  4 rats
56 creatures vanquished.

Vanquished Creatures (collateral kills)
  A phantom (D:9)
  2 howler monkeys (D:7)
  An adder (D:7)
4 creatures vanquished.

Grand Total: 60 creatures vanquished

Notes
Turn   | Place    | Note
-------+----------+-------------------------------------------
     0 | D:1      | tidbits the Gnoll Necromancer began the quest for the Orb.
     0 | D:1      | Reached XP level 1. HP: 13/13 MP: 6/6
    67 | D:1      | Reached XP level 2. HP: 14/19 MP: 1/7
   276 | D:2      | Reached XP level 3. HP: 12/25 MP: 2/9
   281 | D:2      | Learned a level 3 spell: Regeneration
   283 | D:2      | Learned a level 1 spell: Animate Skeleton
   287 | D:2      | Learned a level 3 spell: Vampiric Draining
   298 | D:3      | Reached skill level 5 in Spellcasting
   348 | D:2      | You fall through a shaft for 2 floors!
   419 | D:5      | Entered Level 5 of the Dungeon
   432 | D:5      | Reached skill level 1 in Fighting
   432 | D:5      | Reached skill level 1 in Short Blades
   432 | D:5      | Reached skill level 1 in Long Blades
   432 | D:5      | Reached skill level 1 in Axes
   432 | D:5      | Reached skill level 1 in Maces & Flails
   432 | D:5      | Reached skill level 1 in Polearms
   432 | D:5      | Reached skill level 1 in Staves
   432 | D:5      | Reached skill level 1 in Slings
   432 | D:5      | Reached skill level 1 in Bows
   432 | D:5      | Reached skill level 1 in Crossbows
   432 | D:5      | Reached skill level 1 in Throwing
   432 | D:5      | Reached skill level 1 in Armour
   432 | D:5      | Reached skill level 1 in Shields
   432 | D:5      | Reached skill level 1 in Unarmed Combat
   432 | D:5      | Reached skill level 1 in Invocations
   432 | D:5      | Reached skill level 1 in Evocations
   432 | D:5      | Reached XP level 4. HP: 4/32 MP: 0/11
   436 | D:5      | Got an ancient buckler
   442 | D:5      | Identified the +1 buckler "Hyphiph" {Dex+7} (You found it on level 5 of the Dungeon)
   450 | D:5      | Found an iron altar of Okawaru.
   540 | D:6      | Found a staircase to the Ecumenical Temple.
   549 | Temple   | Entered the Ecumenical Temple
   564 | Temple   | Became a worshipper of Cheibriados the Contemplative
   596 | D:6      | Reached skill level 1 in Conjurations
   596 | D:6      | Reached skill level 1 in Hexes
   596 | D:6      | Reached skill level 1 in Charms
   596 | D:6      | Reached skill level 1 in Summonings
   596 | D:6      | Reached skill level 1 in Translocations
   596 | D:6      | Reached skill level 1 in Transmutations
   596 | D:6      | Reached skill level 1 in Fire Magic
   596 | D:6      | Reached skill level 1 in Ice Magic
   596 | D:6      | Reached skill level 1 in Air Magic
   596 | D:6      | Reached skill level 1 in Earth Magic
   596 | D:6      | Reached skill level 1 in Poison Magic
   602 | D:6      | Noticed a bullfrog
   608 | D:6      | Killed a bullfrog
   608 | D:6      | Reached XP level 5. HP: 23/37 MP: 0/12
   614 | D:6      | Got a vibrating glass ring
   615 | D:6      | Identified the ring "Xuej" {Int+8 SInv} (You found it on level 6 of the Dungeon)
   654 | D:5      | Reached XP level 6. HP: 43/44 MP: 4/13
   699 | D:7      | Reached skill level 2 in Invocations
   730 | D:7      | Reached skill level 2 in Fighting
   730 | D:7      | Reached skill level 2 in Short Blades
   730 | D:7      | Reached skill level 2 in Long Blades
   730 | D:7      | Reached skill level 2 in Axes
   730 | D:7      | Reached skill level 2 in Maces & Flails
   730 | D:7      | Reached skill level 2 in Polearms
   730 | D:7      | Reached skill level 2 in Staves
   730 | D:7      | Reached skill level 2 in Slings
   730 | D:7      | Reached skill level 2 in Bows
   730 | D:7      | Reached skill level 2 in Crossbows
   730 | D:7      | Reached skill level 2 in Throwing
   730 | D:7      | Reached skill level 2 in Armour
   730 | D:7      | Reached skill level 5 in Dodging
   730 | D:7      | Reached skill level 2 in Shields
   730 | D:7      | Reached skill level 2 in Unarmed Combat
   730 | D:7      | Reached skill level 2 in Evocations
   776 | D:7      | Noticed an ice beast
   789 | D:7      | Killed an ice beast
   789 | D:7      | Reached XP level 7. HP: 25/50 MP: 4/15
   811 | D:7      | Learned a level 5 spell: Borgnjor's Vile Clutch
   825 | D:7      | Reached skill level 2 in Conjurations
   825 | D:7      | Reached skill level 2 in Hexes
   825 | D:7      | Reached skill level 2 in Charms
   825 | D:7      | Reached skill level 2 in Summonings
   825 | D:7      | Reached skill level 2 in Translocations
   825 | D:7      | Reached skill level 2 in Transmutations
   825 | D:7      | Reached skill level 2 in Fire Magic
   825 | D:7      | Reached skill level 2 in Ice Magic
   825 | D:7      | Reached skill level 2 in Air Magic
   825 | D:7      | Reached skill level 2 in Earth Magic
   825 | D:7      | Reached skill level 2 in Poison Magic
   871 | D:7      | Reached skill level 5 in Stealth
   891 | D:7      | Reached * piety under Cheibriados
   894 | D:7      | Reached skill level 3 in Invocations
   927 | D:7      | You fall through a shaft!
   981 | D:8      | Reached XP level 8. HP: 56/57 MP: 10/16
   989 | D:8      | Reached skill level 3 in Fighting
   989 | D:8      | Reached skill level 3 in Short Blades
   989 | D:8      | Reached skill level 3 in Long Blades
   989 | D:8      | Reached skill level 3 in Axes
   989 | D:8      | Reached skill level 3 in Maces & Flails
   989 | D:8      | Reached skill level 3 in Polearms
   989 | D:8      | Reached skill level 3 in Staves
   989 | D:8      | Reached skill level 3 in Slings
   989 | D:8      | Reached skill level 3 in Bows
   989 | D:8      | Reached skill level 3 in Crossbows
   989 | D:8      | Reached skill level 3 in Throwing
   989 | D:8      | Reached skill level 3 in Armour
   989 | D:8      | Reached skill level 3 in Shields
   989 | D:8      | Reached skill level 3 in Unarmed Combat
   989 | D:8      | Reached skill level 3 in Evocations
  1104 | D:9      | Noticed a hippogriff
  1106 | D:9      | Killed a hippogriff
  1106 | D:9      | Reached skill level 6 in Spellcasting
  1164 | D:9      | Noticed sefi's ghost (journeyman GrIE)
  1208 | D:9      | HP: 2/58 [sefi's ghost (11)]
  1208 | D:9      | Slain by sefi's ghost

Skill      XL: |  1  2  3  4  5  6  7  8 |
---------------+-------------------------+-----
Spellcasting   | 5 6 |  6.1
Fighting       | 1 2 3 |  3.3
Short Blades   | 1 2 3 |  3.3
Long Blades    | 1 2 3 |  3.3
Axes           | 1 2 3 |  3.3
Maces & Flails | 1 2 3 |  3.3
Polearms       | 1 2 3 |  3.3
Staves         | 1 2 3 |  3.3
Slings         | 1 2 3 |  3.3
Bows           | 1 2 3 |  3.3
Crossbows      | 1 2 3 |  3.3
Throwing       | 1 2 3 |  3.3
Armour         | 1 2 3 |  3.3
Shields        | 1 2 3 |  3.3
Unarmed Combat | 1 2 3 |  3.3
Invocations    | 1 2 3 |  3.7
Evocations     | 1 2 3 |  3.3
Conjurations   | 1 2 |  2.7
Hexes          | 1 2 |  2.7
Charms         | 1 2 |  2.7
Summonings     | 1 2 |  2.7
Translocations | 1 2 |  2.7
Transmutations | 1 2 |  2.7
Fire Magic     | 1 2 |  2.7
Ice Magic      | 1 2 |  2.7
Air Magic      | 1 2 |  2.7
Earth Magic    | 1 2 |  2.7
Poison Magic   | 1 2 |  2.7
Dodging        | 5 |  5.7
Stealth        | 5 |  5.4
Necromancy     | |  7.7

Action                   |  1- 3 |  4- 6 |  7- 9 || total
-------------------------+-------+-------+-------++-------
Melee: Short sword       |    20 |    35 |    46 ||   101
       Bite              |     3 |     2 |    13 ||    18
       Unarmed           |       |       |    26 ||    26
       Flail             |       |       |     7 ||     7
       Trident           |       |       |     1 ||     1
 Cast: Pain              |    33 |    16 |    13 ||    62
       Regeneration      |     2 |     5 |     4 ||    11
       Vampiric Draining |       |     3 |     1 ||     4
       Animate Skeleton  |       |     1 |     6 ||     7
       Borgnjor's Vile C |       |       |     3 ||     3
Evoke: Wand              |       |       |     2 ||     2
  Use: Scroll            |     3 |     1 |     6 ||    10
       Potion            |     1 |       |     4 ||     5
 Stab: Sleeping          |       |     5 |     2 ||     7
       Distracted        |       |       |     3 ||     3
  Eat: Chunk             |       |       |     3 ||     3
Armor: Robe              |     4 |     2 |     3 ||     9
       Skin              |       |       |    18 ||    18
Dodge: Dodged            |    13 |    26 |    24 ||    63
Block: Buckler           |       |     7 |    18 ||    25

Table legend:
 A = Turns spent in this place as a percentage of turns spent in the entire game.
 B = Non-inter-level travel turns spent in this place as a percentage of non-inter-level travel turns spent in the entire game.
 C = Inter-level travel turns spent in this place as a percentage of turns spent in this place.
 D = Turns resting spent in this place as a percentage of non-inter-level travel turns spent in this place.
 E = Turns spent auto-exploring this place as a percentage of non-inter-level travel turns spent in this place.
 F = Non-inter-level travel turns spent in this place divided by the number of levels of this place that you've seen.
                   A       B       C       D       E      F
               +-------+-------+-------+-------+-------+----------------------
         Total | 100.0 | 100.0 |   1.7 |   0.0 |   0.0 | 118.7
       Dungeon |  97.4 |  99.2 |   0.0 |   0.0 |   0.0 | 130.8
        Temple |   2.6 |   0.8 |  67.7 |   0.0 |   0.0 |  10.0
               +-------+-------+-------+-------+-------+----------------------

Table legend:
 A = Kills in this place as a percentage of kills in entire the game.
 B = Kills by you in this place as a percentage of kills by you in the entire game.
 C = Kills by friends in this place as a percentage of kills by friends in the entire game.
 D = Other kills in this place as a percentage of other kills in the entire game.
 E = Experience gained in this place as a percentage of experience gained in the entire game.
 F = Experience gained in this place divided by the number of levels of this place that you have seen.
                   A       B       C       D       E      F
               +-------+-------+-------+-------+-------+----------------------
         Total | 100.0 | 100.0 | 100.0 | 100.0 | 100.0 | 192.1
       Dungeon | 100.0 | 100.0 | 100.0 | 100.0 | 100.0 | 213.4
               +-------+-------+-------+-------+-------+----------------------

Vault maps used:
D:1:      lightli_arrival_flooded_house, serial_bayou, serial_bayou_pond_c,
          serial_bayou_pond_b, serial_bayou_crossing, serial_bayou_pond_e
D:2:      kiku_gazebo_pond_becter, minmay_misc_feat_rows, uniq_jessica,
          uniq_robin
D:3:      lemuel_round_altar, uniq_grinder, uniq_terence
D:4:      serial_shops, shop, first_ration
D:5:      okawaru_metal_pillars_3, corexii_leaking_fountain
D:6:      kennysheep_mini, nicolae_gozag_seed_capital, minmay_temple_entry_hall,
          dk_noncrumbling_4, st_stairs_6
D:7:      serial_shops, kennysheep_mini_moat
D:8:      ashenzari_altar_1, amethyst_overflow_temple_binary
D:9:      nicolae_overflow_hidden_temple, dpeg_lair_monsters, david_orc_4,
          grunt_ogre_cave
Temple:   cyrus_circular_temple
